 Dungeon Crawl Stone Soup version 0.31-a0-523-g071a6c1ffa (webtiles) character file.

Game seed: 15752149682599848016

34 Ethylacetat the Slasher (level 3, -2/25 HPs)
             Began as an Octopode Gladiator on Aug 10, 2023.
             Slain by a gnoll
             ... wielding a +0 spear
              (8 damage)
             ... on level 2 of the Dungeon.
             The game lasted 00:01:21 (937 turns).

Ethylacetat the Slasher (Octopode Gladiator)         Turns: 937, Time: 00:01:22

Health: -2/25      AC:  1    Str: 13    XL:     3   Next: 31%
Magic:  3/3        EV: 14    Int: 16    God:
Gold:   71         SH:  0    Dex: 15    Spells: 2/2 levels left

rFire   . . .        k - +1 short sword (venom)
rCold   . . .        (no shield)
rNeg    . . .        b - +0 hat
rPois   .            f - amulet of regeneration
rElec   .            g - +6 ring of intelligence
rCorr   .            (no ring)
SInv    .            (no ring)
Will    .....        (no ring)
Stlth   +++          (no ring)
HPRegen 1.04/turn    (no ring)
MPRegen 0.08/turn    (no ring)
                     (no ring)

%: no passive effects
@: no status effects
A: almost no armour, amphibious, 8 rings, camouflage 1, gelatinous body 1,
(nimble swimmer 1), tentacles
a: no special abilities


You were on level 2 of the Dungeon.
You visited 1 branch of the dungeon, and saw 2 of its levels.

You collected 71 gold pieces.

Inventory:

Hand Weapons
 a - a +0 long sword
 k - a +1 short sword of venom (weapon)
Missiles
 c - 3 throwing nets (quivered)
 d - a javelin
Armour
 b - a +0 hat (worn)
Jewellery
 f - an amulet of regeneration (around mantle)
 g - a +6 ring of intelligence (left tentacle)
Scrolls
 e - 2 scrolls of vulnerability {unknown}
 l - a scroll of brand weapon {unknown}
 m - a scroll of fog {unknown}
Potions
 h - a potion of degeneration {unknown}
 i - a potion of cancellation {unknown}
 j - 2 potions of curing {unknown}


   Skills:
 + Level 2.4 Fighting
 + Level 3.3 Long Blades
 - Level 2.0 Throwing
 + Level 3.3 Dodging
 + Level 1.9 Stealth


You had 2 spell levels left.
You didn't know any spells.
Your spell library contained the following spells:

 Spells                   Type           Power      Damage    Failure   Level
 Kiss of Death            Conj/Necr      0%         2d5       26%         1
 Confusing Touch          Hex            0%         N/A       58%         3
 Dispel Undead            Necr           0%         3d6       94%         4


Dungeon Overview and Level Annotations

Branches:
Dungeon (2/15)

Altars:


Innate Abilities, Weirdness & Mutations

You cannot wear most types of armour.
You are amphibious.
You can wear up to eight rings at the same time.
Your skin changes colour to match your surroundings (Stealth+).
Your rubbery body absorbs attacks. (AC +1, EV +1)
((You are camouflaged when in or above water. (Stealth+)))
You have tentacles for arms and can constrict up to eight enemies at once.


Message History

You feel agile. x2
The endoplasm jiggles.
You hit the endoplasm but do no damage.
The endoplasm is poisoned.
You squeeze the endoplasm.
The endoplasm is lightly wounded.
The endoplasm completely misses you.
The gnoll hits you from afar with a +0 spear!
Unknown command.
You hit the endoplasm but do no damage.
The endoplasm looks as sick as possible!
You squeeze the endoplasm.
You kill the endoplasm!
The gnoll misses you.
You see here a rat corpse.
There is a stone staircase leading up here.
The gnoll barely misses you.
You climb upwards.
There is a stone staircase leading down here.
Okay, then.
HP restored.
You climb downwards.
The gnoll hits you from afar with a +0 spear.
There is a stone staircase leading up here.
The gnoll closely misses you.
You hit the gnoll but do no damage.
The gnoll is poisoned.
You grab the gnoll.
You constrict the gnoll, but do no damage.
The gnoll hits you from afar with a +0 spear!
The gnoll closely misses you.
Unknown command.
You hit the gnoll.
You squeeze the gnoll, but do no damage.
The gnoll is moderately wounded.
You constrict the gnoll. The gnoll hits you with a +0 spear.
The gnoll hits you from afar with a +0 spear!
* * * LOW HITPOINT WARNING * * *
Unknown command.
You release your grip on the gnoll.
The gnoll misses you.
There is a stone staircase leading up here.
The gnoll hits you from afar with a +0 spear!
You die...

####......###.#
<........)####.#####.###
...........g...g........
....)..#########.###....
.......##### #..#..##.
#.........######.......
#.............†.......#
#.......g.######.......
#.....@.g.# ######..
#.........# .
#.........# #....>....#
...........#
...........#
............
######...####


You could see 2 gnolls.

Vanquished Creatures
  A gnoll (D:2)
  3 ball pythons (D:1)
  4 endoplasms
  A giant cockroach (D:1)
  3 hobgoblins (D:1)
  2 quokkas
  3 bats
  A frilled lizard (D:1)
  2 kobolds (D:1)
  3 rats
23 creatures vanquished.

Notes
Turn   | Place    | Note
-------+----------+-------------------------------------------
     0 | D:1      | Ethylacetat the Octopode Gladiator began the quest for the
                  | Orb.
     0 | D:1      | Reached XP level 1. HP: 14/14 MP: 1/1
   195 | D:1      | Reached XP level 2. HP: 19/19 MP: 2/2
   199 | D:1      | Reached skill level 1 in Stealth
   908 | D:2      | Reached XP level 3. HP: 9/25 MP: 3/3
   937 | D:2      | Slain by a gnoll

Illustrated notes

Levels and vault maps discovered:
D:1:      zaba_arrival_water, layout_basic, hangedman_decor_opposing
D:2:      layout_rooms, shapermc_ecumenical_altar_petra

Skill      XL: |  1  2 |
---------------+-------+-----
Stealth        | 1 |  1.9
Fighting       | |  2.4
Long Blades    | |  3.3
Throwing       | |  2.0
Dodging        | |  3.3

Action                     || total
---------------------------++-------
  Melee: Long sword        ||    23
         Constrict         ||     9
         Tentacles         ||    13
         Short sword       ||    18
   Stab: Sleeping          ||     7
 Armour: Skin              ||     6
  Dodge: Dodged            ||    30

Table legend: (Time is in decaauts)
 A = Elapsed time spent in this place.
 B = Non-inter-level travel time spent in this place.
 C = Inter-level travel time spent in this place.
 D = Time resting spent in this place.
 E = Time spent auto-exploring this place.
 F = Levels seen in this place.
 G = Mean time per level.
                   A        B        C        D        E       F      G
               +--------+--------+--------+--------+--------+-----+--------+
         Total |    940 |    905 |     35 |      0 |    721 |   2 |  470.0 |
       Dungeon |    940 |    905 |     35 |      0 |    721 |   2 |  470.0 |
               +--------+--------+--------+--------+--------+-----+--------+

Top non-repeatable levels by time:
     D:1: 867 daAuts
     D:2: 72 daAuts
